 Dungeon Crawl Stone Soup version 0.31-a0-986-g5e6e4ef867 (webtiles) character file.

Game seed: 12204756636040052210

49 jlumianski the Ruffian (level 3, -1/28 HPs)
             Began as a Gnoll Shapeshifter on Nov 4, 2023.
             Slain by a gnoll
             ... wielding a +0 halberd
              (6 damage)
             ... on level 2 of the Dungeon.
             The game lasted 00:01:58 (421 turns).

jlumianski the Ruffian (Gnoll Shapeshifter)          Turns: 421, Time: 00:01:59

Health: -1/28      AC:  6    Str: 15    XL:     3   Next: 77%
Magic:  4/4        EV: 10    Int:  9    God:
Gold:   58         SH:  0    Dex: 11    Spells: 4/4 levels left

rFire   . .          .
                       - Unarmed
rCold   . . .        (no shield)
rNeg    . . .        i - +0 scale mail
rPois   .            (helmet currently unavailable)
rElec   .            (cloak currently unavailable)
rCorr   .            (gloves currently unavailable)
SInv    .            (boots currently unavailable)
Will    .....        (no amulet) Stlth
                     (no ring)
HPRegen 0.24/turn    (no ring)
MPRegen 0.09/turn

%: no passive effects
@: beast-form
A: beast (slay +3), fangs 1, strong nose, distributed training
a: Begin Untransformation


You were on level 2 of the Dungeon.
You were a hulking beast.
You visited 1 branch of the dungeon, and saw 2 of its levels.

You collected 58 gold pieces.

Inventory:

Missiles
 j - 4 stones
Armour
 a - a +0 animal skin
 f - a +0 ring mail
 i - a +0 scale mail (worn)
Talismans
 c - a beast talisman
 d - a flux talisman
Scrolls
 g - a scroll of brand weapon {unknown}
 h - a scroll of enchant weapon {unknown}
Potions
 b - a potion of lignification
 e - a potion of berserk rage {unknown}


   Skills:
 + Level 2.6 Fighting
 + Level 1.0 Short Blades
 + Level 1.0 Long Blades
 + Level 1.0 Axes
 + Level 1.0 Maces & Flails
 + Level 1.0 Polearms
 + Level 1.0 Staves
 + Level 1.0 Ranged Weapons
 + Level 1.0 Throwing
 + Level 1.0 Armour
 + Level 4.6 Dodging
 + Level 1.0 Stealth
 + Level 1.0 Shields
 + Level 6.5 Unarmed Combat
 + Level 1.0 Spellcasting
 + Level 0.7 Conjurations
 + Level 0.7 Hexes
 + Level 0.7 Summonings
 + Level 0.7 Necromancy
 + Level 0.7 Translocations
 + Level 0.7 Transmutations
 + Level 0.7 Fire Magic
 + Level 0.7 Ice Magic
 + Level 0.7 Air Magic
 + Level 0.7 Earth Magic
 + Level 0.7 Poison Magic
 + Level 1.0 Invocations
 + Level 1.0 Evocations
 + Level 6.5 Shapeshifting


You had 4 spell levels left.
You didn't know any spells.
Your spell library was empty.

Dungeon Overview and Level Annotations

Branches:
Dungeon (2/15)

Altars:


Innate Abilities, Weirdness & Mutations

You are a hulking beast.
Your limbs bulge with bestial killing power. (Slay +3)
You have very sharp teeth.
Your uncanny sense of smell can sniff out nearby items.
Your experience applies equally to all skills.


Message History

Things that are here:
a +0 flail; a +0 scale mail
i - a +0 scale mail You start removing your armour.
You continue taking off your +0 ring mail. x4
You finish taking off your +0 ring mail.
You start putting on your armour.
You continue putting on your +0 scale mail. x5
You finish putting on your +0 scale mail.
HP restored.
Magic restored.
Found 4 stones.
Found a short sword.
A ball python comes into view.
The ball python hisses angrily.
You see here 4 stones.
j - 4 stones The ball python misses you.
The ball python grabs you. The ball python constricts you.
You punch the ball python!
You kill the ball python!
You open the door.
Found a dagger.
Found a stone staircase leading down.
There is an open door here.
You see here a +0 dagger.
As you open the door, it creaks loudly!
A gnoll comes into view. It is wielding a +0 flail.
The gnoll shouts!
A gnoll comes into view. It is wielding a +0 spear.
The gnoll shouts!
You hear a shout!
A gnoll comes into view. It is wielding a +0 halberd.
There is an open door here.
The gnoll hits you with a +0 flail!
You hit the gnoll. You punch the gnoll.
The gnoll is severely wounded.
The gnoll hits you with a +0 flail!
* * * LOW HITPOINT WARNING * * *
You punch the gnoll!
You kill the gnoll!
The gnoll hits you from afar with a +0 halberd.
You die...

###### .....
....# ... .g.
#g# #)# #h#
##'## ##...##
# ##.....##.#
##.......#.##
#....).>.....
+............
#.........###
##.......##


You could see 2 gnolls.

Vanquished Creatures
  Terence (D:2)
  A gnoll (D:2)
  An adder (D:2)
  A dart slug (D:1)
  2 endoplasms
  A giant cockroach (D:2)
  2 goblins
  A hobgoblin (D:1)
  3 ball pythons
  2 bats (D:1)
15 creatures vanquished.

Notes
Turn   | Place    | Note
-------+----------+-------------------------------------------
     0 | D:1      | jlumianski the Gnoll Shapeshifter began the quest for the
                  | Orb.
     0 | D:1      | Reached XP level 1. HP: 17/17 MP: 1/1
   108 | D:1      | Reached XP level 2. HP: 22/23 MP: 2/2
   352 | D:2      | Noticed Terence
   363 | D:2      | Killed Terence
   364 | D:2      | Reached skill level 1 in Short Blades
   364 | D:2      | Reached skill level 1 in Long Blades
   364 | D:2      | Reached skill level 1 in Axes
   364 | D:2      | Reached skill level 1 in Maces & Flails
   364 | D:2      | Reached skill level 1 in Polearms
   364 | D:2      | Reached skill level 1 in Staves
   364 | D:2      | Reached skill level 1 in Ranged Weapons
   364 | D:2      | Reached skill level 1 in Throwing
   364 | D:2      | Reached skill level 1 in Armour
   364 | D:2      | Reached skill level 1 in Stealth
   364 | D:2      | Reached skill level 1 in Shields
   364 | D:2      | Reached skill level 1 in Spellcasting
   364 | D:2      | Reached skill level 1 in Invocations
   364 | D:2      | Reached skill level 1 in Evocations
   364 | D:2      | Reached XP level 3. HP: 22/28 MP: 2/4
   421 | D:2      | Slain by a gnoll

Illustrated notes

Levels and vault maps discovered:
D:1:      minmay_arrival_open_corners, layout_loops_corners
D:2:      layout_loops_corners, dilly_ecumenical_altar_fadedgnrine, uniq_terence

Skill      XL: |  1  2 |
---------------+-------+-----
Short Blades   | 1 |  1.0
Long Blades    | 1 |  1.0
Axes           | 1 |  1.0
Maces & Flails | 1 |  1.0
Polearms       | 1 |  1.0
Staves         | 1 |  1.0
Ranged Weapons | 1 |  1.0
Throwing       | 1 |  1.0
Armour         | 1 |  1.0
Stealth        | 1 |  1.0
Shields        | 1 |  1.0
Spellcasting   | 1 |  1.0
Invocations    | 1 |  1.0
Evocations     | 1 |  1.0
Fighting       | |  2.6
Dodging        | |  4.6
Unarmed Combat | |  6.5
Conjurations   | |  0.7
Hexes          | |  0.7
Summonings     | |  0.7
Necromancy     | |  0.7
Translocations | |  0.7
Transmutations | |  0.7
Fire Magic     | |  0.7
Ice Magic      | |  0.7
Air Magic      | |  0.7
Earth Magic    | |  0.7
Poison Magic   | |  0.7
Shapeshifting  | |  6.5

Action                     || total
---------------------------++-------
  Melee: Unarmed           ||    33
         Bite              ||     2
         Punch             ||     1
 Armour: Ring mail         ||    25
         Animal skin       ||     1
         Scale mail        ||     3
  Dodge: Dodged            ||    13

Table legend: (Time is in decaauts)
 A = Elapsed time spent in this place.
 B = Non-inter-level travel time spent in this place.
 C = Inter-level travel time spent in this place.
 D = Time resting spent in this place.
 E = Time spent auto-exploring this place.
 F = Levels seen in this place.
 G = Mean time per level.
                   A        B        C        D        E       F      G
               +--------+--------+--------+--------+--------+-----+--------+
         Total |    417 |    417 |      0 |      0 |    187 |   2 |  208.5 |
       Dungeon |    417 |    417 |      0 |      0 |    187 |   2 |  208.5 |
               +--------+--------+--------+--------+--------+-----+--------+

Top non-repeatable levels by time:
     D:1: 215 daAuts
     D:2: 201 daAuts
